 Dungeon Crawl Stone Soup version 0.30-a0-54-g2e61a25929 (webtiles) character file.

Game seed: 6389105786745484978

121275 porpoise the Brawler (level 16, 0/129 HPs)
             Began as a Demonspawn Gladiator on Sept 8, 2022.
             Was the Champion of Ru.
             Killed from afar by a deep elf zephyrmancer (18 damage)
             ... with a bolt of lightning
             ... on level 2 of the Elven Halls on Sept 9, 2022.
             The game lasted 02:32:47 (34027 turns).

porpoise the Brawler (Demonspawn Gladiator)        Turns: 34027, Time: 02:32:49

Health: 0/129      AC: 23    Str: 23    XL:     16   Next: 32%
Magic:  0/32       EV: 15    Int: 10    God:    Ru [******]
Gold:   265        SH: 14    Dex: 20    Spells: 14/21 levels left

rFire   . . .      SeeInvis +      - Unarmed
rCold   . . .      Faith    .    j - +3 warlock's mirror {reflect}
rNeg    . . .      Spirit   +    U - +2 ice dragon scales
rPois   .          Reflect  +    R - +1 hat "Moreumn" {Fly rF++ Will+ Stlth-}
rElec   .          Harm     .    t - +0 cloak
rCorr   .          Rampage  .    (gloves unavailable)
Will    +++++                    r - +1 pair of boots
Stlth   +.........               J - amulet "Byfanor" {Reflect MP+9 SH+5}
HPRegen 0.31/turn                H - +4 ring of protection
MPRegen 0.46/turn                N - ring "Moniset" {Wiz Contam rC- Will+++ SInv}

@: exhausted, flying
A: claws 3, thin skeletal structure 2, ignite blood 3, low MP 1, screaming 1,
magic shield, magic regeneration, inability to use devices, missing an eye,
temperature sensitive, strong 1
a: Renounce Religion, Draw Out Power, Power Leap, Apocalypse


You were on level 2 of the Elven Halls.
You worshipped Ru.
Ru was exalted by your worship.
You visited 5 branches of the dungeon, and saw 25 of its levels.
You also visited: Ossuary and Gauntlet.

You collected 2916 gold pieces.
You spent 2651 gold pieces at shops.

Inventory:

Hand Weapons
 b - a +1 sling of freezing
 g - a +1 quick blade of freezing
 h - a +0 double sword
 w - a +0 trident
Missiles
 a - a throwing net (quivered)
 e - 5 javelins
 K - 3 curare-tipped darts
Armour
 f - the +4 helmet of Faptux {Dex+4}
   (You found it on level 1 of the Elven Halls)

   Dex:       It affects your dexterity (+4).
 j - the +3 warlock's mirror (worn) {reflect}
   (You found it on level 4 of the Lair of Beasts)

   It can block and reflect piercing ranged attacks and magical attacks against
   the wielder's willpower.
 r - a +1 pair of boots (worn)
 t - a +0 cloak (worn)
 R - the +1 hat "Moreumn" (worn) {Fly rF++ Will+ Stlth-}
   (You found it in a Gauntlet)

   rF:        It greatly protects you from fire.
   Fly:       It grants you flight.
   Will:      It increases your willpower.
   Stlth:     It makes you less stealthy.
 U - +2 ice dragon scales (worn)
Jewellery
 c - an amulet of magic regeneration
 p - a ring of protection from cold
 u - a ring of protection from fire
 x - a ring of resist corrosion
 H - a +4 ring of protection (left claw)
 J - the amulet "Byfanor" (around neck) {Reflect MP+9 SH+5}
   (You bought it in a shop on level 2 of the Orcish Mines)

   [amulet of reflection]

   It reflects blocked missile attacks.
   MP:        It affects your magic capacity (+9).
   SH:        It affects your SH (+5).
 N - the ring "Moniset" (right claw) {Wiz Contam rC- Will+++ SInv}
   (You bought it in a shop on level 2 of the Orcish Mines)

   [ring of wizardry]

   It improves your spell success rate.
   rC:        It makes you vulnerable to cold.
   SInv:      It lets you see invisible.
   Contam:    It causes magical contamination when unequipped.
   Will:      It greatly increases your willpower.
Scrolls
 d - 4 scrolls of identify
 m - 3 scrolls of fog
 s - 9 scrolls of teleportation
 A - 4 scrolls of fear
 B - 2 scrolls of blinking
 E - 4 scrolls of poison
 G - a scroll of summoning
Potions
 k - 2 potions of ambrosia
 n - 2 potions of might
 o - 7 potions of attraction
 v - 8 potions of curing
 z - 3 potions of lignification
 D - 2 potions of haste
 I - 2 potions of magic
 L - 5 potions of heal wounds
 M - 2 potions of resistance


   Skills:
 - Level 12.5 Fighting
 - Level 3.0 Polearms
 - Level 1.7 Throwing
 - Level 9.0 Armour
 - Level 9.0 Dodging
 - Level 7.0 Shields
 - Level 16.0 Unarmed Combat
 - Level 3.0 Spellcasting
 - Level 5.0 Transmutations
 - Level 5.0 Fire Magic
 * Level 6.7 Poison Magic
 + Level 13.4 Invocations


You had 14 spell levels left.
You knew the following spells:

 Your Spells              Type           Power      Damage    Failure   Level
i - Ignite Poison         Fire/Tmut/Pois 12%        N/A       12%         3
o - Olgreb's Toxic Radia  Pois           14%        N/A       24%         4

Your spell library contained the following spells:

 Spells                   Type           Power      Damage    Failure   Level
 Sting                    Tmut/Pois      52%        1d5       3%          1
 Poisonous Vapours        Pois/Air       16%        N/A       14%         2
 Passwall                 Tmut/Erth      5%         N/A       21%         2
 Freeze                   Ice            4%         1d3       34%         1
 Necrotise                Necr           4%         1d4       34%         1
 Summon Small Mammal      Summ           4%         N/A       34%         1
 Conjure Flame            Conj/Fire      6%         6-21      36%         3
 Ensorcelled Hibernation  Hex/Ice        2%         N/A       45%         2
 Alistair's Intoxication  Tmut/Pois      8%         N/A       65%         5
 Dazzling Flash           Conj/Hex       2%         N/A       69%         3
 Frozen Ramparts          Ice            2%         1d1       69%         3
 Gell's Gravitas          Tloc           1%         N/A       69%         3
 Lesser Beckoning         Tloc           1%         N/A       69%         3
 Ozocubu's Armour         Ice            1%         N/A       69%         3
 Swiftness                Air            1%         N/A       69%         3
 Teleport Other           Tloc           1%         N/A       69%         3
 Tukima's Dance           Hex            1%         N/A       69%         3
 Vampiric Draining        Necr           1%         2d6       69%         3
 Sticky Flame             Conj/Fire      6%         2d3       75%         4
 Hailstorm                Conj/Ice       1%         3d3       97%         4
 Iskenderun's Mystic Bla  Conj/Tloc      1%         2d3       97%         4
 Passage of Golubria      Tloc           1%         N/A       97%         4
 Yara's Violent Unravell  Hex/Tmut       3%         3d4       97%         5
 Eringya's Noxious Bog    Tmut/Pois      6%         N/A       99%         6
 Agony                    Necr           1%         N/A       100%        5
 Borgnjor's Vile Clutch   Necr/Erth      0%         N/A       100%        5
 Summon Forest            Summ/Tloc      0%         N/A       100%        5
 Summon Mana Viper        Hex/Summ       1%         N/A       100%        5
 Conjure Ball Lightning   Conj/Air       0%         3x3d6     100%        6
 Starburst                Conj/Fire      3%         6d3       100%        6
 Summon Cactus Giant      Summ           0%         N/A       100%        6
 Malign Gateway           Summ/Tloc      0%         N/A       100%        7
 Ozocubu's Refrigeration  Ice            0%         4d7       100%        7
 Borgnjor's Revivificati  Necr           0%         N/A       100%        8
 Discord                  Hex            0%         N/A       100%        8
 Disjunction              Tloc           0%         N/A       100%        8
 Necromutation            Tmut/Necr      3%         N/A       100%        8
 Summon Horrible Things   Summ           0%         N/A       100%        8
 Death's Door             Necr           0%         N/A       100%        9


Dungeon Overview and Level Annotations

Branches:
Dungeon (15/15)            Temple (1/1) D:6            Lair (5/5) D:8
 Shoals (0/4) Lair:3       Spider (0/4) Lair:2        Slime (0/5) Lair:4
    Orc (2/2) D:10            Elf (1/3) Orc:2        Vaults (0/5) D:13
 Depths (0/4) D:15        Ossuary (visited)         Gauntlet (visited)

Altars:
Ashenzari
Cheibriados
Dithmenos
Fedhas
Gozag
Hepliaklqana
Kikubaaqudgha
Makhleb
Nemelex Xobeh
Okawaru
Qazlal
Ru
Sif Muna
Trog
Uskayaw
Vehumet
Wu Jian
Xom
Yredelemnul

Shops:
D:3 (   Orc:2 [?=

Annotations:
Elf:2 5 runed translucent doors


Innate Abilities, Weirdness & Mutations

You have claws for hands.
You have a moderately thin skeletal structure. (Dex +4, Stealth++)
Your demonic aura causes all spilled blood to erupt in flames.
Your magical capacity is low. (-10% MP)
You occasionally shout uncontrollably at your foes.
When hurt, damage is shared between your health and your magic reserves.
You regenerate magic rapidly.
You cannot study or use magical devices.
You are missing an eye, making it more difficult to aim.
You are sensitive to extremes of temperature. (rF-, rC-)
Your muscles are strong. (Str +4, Int/Dex -1)


Message History

You feel sick.
Okay, then.
As you read the scroll of teleportation, it crumbles to dust.
You feel strangely unstable.
You feel sick.
You feel sick.
You feel sick.
The deep elf pyromancer casts a spell.
The deep elf pyromancer blinks!
You feel sick.
You are no longer poisoned.
Your surroundings suddenly seem different.
A deep elf zephyrmancer comes into view.
It is wielding a +0 long sword.
You yell at the deep elf zephyrmancer!
Found a scroll of fear.
The deep elf zephyrmancer shouts!
You hear a shout!
The deep elf zephyrmancer moves out of view.
You start resting.
An earth elemental comes into view.
You yell at the earth elemental!
The deep elf zephyrmancer casts a spell at you.
The bolt of lightning hits the earth elemental.
The earth elemental completely resists.
Your +3 warlock's mirror {reflect} reflects the bolt of lightning!
The bolt of lightning hits the earth elemental.
The earth elemental completely resists.
The bolt of lightning hits the deep elf zephyrmancer!
You claw the earth elemental!
The earth elemental is moderately damaged.
You mangle the earth elemental!!
The earth elemental is severely damaged.
The earth elemental hits you but does no damage.
You mangle the earth elemental!!
You destroy the earth elemental!
An air elemental comes into view.
The air elemental hits you.
* * * LOW HITPOINT WARNING * * *
You focus your inner power and illuminate the air elemental in retribution!
The air elemental hits you but does no damage.
The deep elf zephyrmancer points at you and mumbles some strange words.
The bolt of lightning hits you!!
You die...

# .. # #. .
# #. .. #
#.# ... #
#.. .... #
#.. ..... #
#.E###......
#
#..@.?......
#
##e####.#.##
# #....... #
#.###..### #
#........ #
#..##..... #
#.. ##.##
#.. ..


You could see a deep elf zephyrmancer and an air elemental (corona).

Vanquished Creatures
  Donald (Elf:2)
  An orc warlord (Orc:2)
  Nessos (Orc:2)
  A deep elf demonologist (Elf:1)
  A minotaur (Gauntlet)
  2 ice dragons (D:15)
  Fannar (D:12)
  3 boulder beetles
  A vault guard (D:13)
  A catoblepas (Lair:5)
  8 hydras
  3 ogre magi (D:15)
  A death knight (D:11)
  6 two-headed ogres
  6 centaur warriors
  12 dancing weapons
  16 death yaks
  3 tengu warriors
  5 orc high priests (Orc:2)
  5 deep elf knights (Elf:2)
  7 skeletal warriors
  A goliath frog (Lair:5)
  A deep elf archer (Elf:1)
  14 deep elf pyromancers
  8 deep elf zephyrmancers
  A lindwurm (Lair:3)
  A necromancer (Gauntlet)
  An orc sorcerer (Orc:2)
  3 orc knights (Orc:2)
  A shining eye (Gauntlet)
  7 manticores
  3 ugly things
  3 black mambas
  4 cyclopes
  A rust devil (D:5)
  10 elephants
  A gargoyle (D:11)
  2 rime drakes
  2 unseen horrors (D:12)
  21 cane toads
  A kobold demonologist (D:12)
  2 freezing wraiths
  11 komodo dragons
  2 tengu conjurers
  7 trolls
  A meliai (D:13)
  4 polar bears
  2 tyrant leeches (Lair:5)
  19 blink frogs
  4 slime creatures (D:14)
  7 dream sheep
  2 jumping spiders (Lair:2)
  2 culicivoras (Lair:2)
  A culicivora (shapeshifter) (D:14)
  3 shadows
  A wraith (D:11)
  32 yaks
  Grum (D:10)
  11 wyverns
  A water elemental (Elf:1)
  2 large abominations (Gauntlet)
  2 basilisks
  A fire elemental (Elf:1)
  2 steam dragons
  Eustachio (D:6)
  15 vampire mosquitoes
  8 wargs
  Duvessa (D:6)
  3 acid dragons
  2 floating eyes
  11 water moccasins
  45 orc warriors
  An ice beast (D:7)
  7 black bears
  A boggart (D:15)
  8 ogres
  17 wolves
  14 centaurs
  3 phantoms
  4 kobold brigands
  Blork the orc (D:6)
  2 necrophages
  22 bullfrogs
  An earth elemental (Elf:2)
  6 small abominations (Gauntlet)
  A gnoll sergeant (D:8)
  7 scorpions
  13 wights
  Dowan (D:6)
  19 killer bees
  4 electric eels
  10 howler monkeys
  5 hounds
  2 jellies
  2 centaur zombies (Ossuary)
  Crazy Yiuf (D:5)
  30 orc priests
  26 orc wizards
  Ijyb (D:5)
  4 hell rats (Lair:5)
  10 iguanas
  3 mummies
  3 gnolls (D:8)
  14 adders
  7 river rats (D:10)
  2 shadow imps (D:6)
  5 white imps
  3 ufetubi
  A dart slug (D:1)
  96 orcs
  9 endoplasms
  3 giant cockroaches
  3 gnoll zombies (Ossuary)
  6 goblins
  12 hobgoblins
  4 jackals
  23 kobolds
  6 quokkas
  7 ball pythons
  11 bats
  7 frilled lizards
  2 goblin zombies (Ossuary)
  5 hobgoblin zombies (Ossuary)
  2 orc zombies (Ossuary)
  17 rats
851 creatures vanquished.

Vanquished Creatures (others)
  A hydra (Lair:2)
  3 dancing weapons (Elf:2)
  A death yak (Lair:4)
  A deep elf zephyrmancer (Elf:1)
  A black mamba (Lair:3)
  A rust devil (D:5)
  A cane toad (Lair:3)
  A komodo dragon (Lair:4)
  A water elemental (D:15)
  A wraith (D:13)
  2 orc warriors
  2 orc wizards
  4 orcs
  A demonic plant (Gauntlet)
  63 fungi
  149 plants
233 creatures vanquished.

Grand Total: 1084 creatures vanquished

Notes
Turn   | Place    | Note
-------+----------+-------------------------------------------
     0 | D:1      | porpoise the Demonspawn Gladiator began the quest for the
                  | Orb.
     0 | D:1      | Reached XP level 1. HP: 16/16 MP: 1/1
   403 | D:1      | Found a faded altar of an unknown god.
   570 | D:1      | Gained mutation: You have sharp fingernails. [demonic
                  | ancestry]
   570 | D:1      | Reached XP level 2. HP: 23/23 MP: 2/2
   714 | D:1      | Reached skill level 1 in Unarmed Combat
   828 | D:1      | Gained mutation: You have very sharp fingernails. [demonic
                  | ancestry]
   828 | D:1      | Reached XP level 3. HP: 27/28 MP: 3/3
  1486 | D:2      | Reached skill level 2 in Unarmed Combat
  1824 | D:2      | Gained mutation: You have a somewhat thin skeletal
                  | structure. (Dex +2, Stealth+) [demonic ancestry]
  1824 | D:2      | Reached XP level 4. HP: 29/35 MP: 4/4
  2117 | D:3      | Reached skill level 3 in Unarmed Combat
  2119 | D:3      | Gained mutation: You regenerate magic rapidly. [demonic
                  | ancestry]
  2119 | D:3      | Reached XP level 5. HP: 26/41 MP: 5/5
  2693 | D:3      | Found Onots's Weapon Emporium.
  3056 | D:4      | Noticed a phantom
  3079 | D:4      | Killed a phantom
  3080 | D:4      | Reached skill level 4 in Unarmed Combat
  3132 | D:4      | Found an opulent altar of Gozag.
  3156 | D:4      | Gained mutation: Your demonic aura sometimes causes spilled
                  | blood to erupt in flames. [demonic ancestry]
  3156 | D:4      | Reached XP level 6. HP: 45/48 MP: 6/6
  3868 | D:5      | Entered Level 5 of the Dungeon
  3905 | D:5      | Reached skill level 5 in Unarmed Combat
  3905 | D:5      | Reached XP level 7. HP: 47/55 MP: 7/7
  4041 | D:5      | Reached skill level 5 in Fighting
  4150 | D:5      | Reached skill level 6 in Unarmed Combat
  4191 | D:5      | Noticed Ijyb
  4208 | D:5      | Killed Ijyb
  4385 | D:5      | Found a bloodstained altar of Trog.
  4385 | D:5      | Found a burning altar of Makhleb.
  4385 | D:5      | Found a basalt altar of Yredelemnul.
  4396 | D:5      | You fall into a shaft and drop 3 floors!
  4403 | D:8      | Found a sand-covered staircase.
  4474 | Ossuary  | Entered an ossuary
  4557 | Ossuary  | Gained mutation: When hurt, damage is shared between your
                  | health and your magic reserves. [demonic ancestry]
  4557 | Ossuary  | Reached XP level 8. HP: 59/64 MP: 8/8
  4698 | D:8      | Reached skill level 7 in Unarmed Combat
  5157 | D:8      | Gained mutation: Your muscles are strong. (Str +4, Int/Dex
                  | -1) [potion of mutation]
  5198 | D:7      | Reached skill level 8 in Unarmed Combat
  5245 | D:7      | Reached XP level 9. HP: 34/72 MP: 9/9
  5648 | D:6      | Reached skill level 9 in Unarmed Combat
  5681 | D:6      | Noticed Dowan
  5685 | D:6      | Noticed Duvessa
  5694 | D:6      | Killed Duvessa
  5702 | D:6      | Killed Dowan
  6693 | D:5      | Found a runed translucent door.
  6694 | D:5      | Noticed Crazy Yiuf
  6701 | D:5      | Killed Crazy Yiuf
  6807 | D:5      | Noticed a rust devil
  6807 | D:5      | Noticed a rust devil
  6985 | D:6      | Noticed Blork the orc
  6991 | D:6      | Killed Blork the orc
  6992 | D:6      | Reached skill level 10 in Unarmed Combat
  7482 | D:6      | Found a staircase to the Ecumenical Temple.
  7492 | Temple   | Entered the Ecumenical Temple
  7736 | Temple   | Became a worshipper of Ru the Awakened
  7882 | D:6      | Noticed Eustachio
  7885 | D:6      | Reached skill level 1 in Armour
  7898 | D:6      | Killed Eustachio
  8066 | D:6      | Reached skill level 11 in Unarmed Combat
  8304 | D:7      | Reached XP level 10. HP: 71/79 MP: 10/10
  9121 | D:8      | Reached skill level 12 in Unarmed Combat
  9193 | D:8      | Reached skill level 1 in Invocations
  9219 | D:8      | Gained mutation: You are sensitive to extremes of
                  | temperature. (rF-, rC-) [Ru sacrifice]
  9219 | D:8      | Reached * piety under Ru
  9219 | D:8      | Reached ** piety under Ru
  9254 | D:8      | Found a staircase to the Lair.
  9264 | D:8      | Reached skill level 5 in Armour
 10192 | D:9      | Reached skill level 5 in Invocations
 10364 | D:9      | Noticed a cyan ugly thing
 10374 | D:9      | Killed a cyan ugly thing
 10375 | D:9      | Reached XP level 11. HP: 87/87 MP: 13/15
 10974 | D:10     | Entered Level 10 of the Dungeon
 11433 | D:10     | Noticed Grum
 11439 | D:10     | Killed Grum
 11787 | D:10     | Found a staircase to the Orcish Mines.
 11916 | D:10     | Gained mutation: You cannot study or use magical devices.
                  | [Ru sacrifice]
 11916 | D:10     | Reached *** piety under Ru
 11916 | D:10     | Reached **** piety under Ru
 11916 | D:10     | Reached ***** piety under Ru
 11923 | D:10     | Identified the +1 broad axe of Defence by Offence {vamp,
                  | rF+ Str-3 SInv}
 12387 | Lair:1   | Entered Level 1 of the Lair of Beasts
 12973 | Lair:1   | Reached skill level 5 in Dodging
 13726 | Lair:2   | Reached skill level 10 in Fighting
 13902 | Lair:2   | Noticed a five-headed hydra
 13923 | Lair:2   | Killed a five-headed hydra
 14571 | Lair:2   | Reached XP level 12. HP: 92/98 MP: 17/19
 14933 | Lair:2   | Found a hole to the Spider Nest.
 15067 | Lair:3   | Reached skill level 10 in Invocations
 15092 | Lair:3   | Found a staircase to the Shoals.
 15892 | Lair:3   | Noticed a five-headed hydra
 15938 | Lair:3   | Killed a five-headed hydra
 16195 | Lair:3   | Learned a level 3 spell: Ignite Poison
 16200 | Lair:3   | Learned a level 4 spell: Olgreb's Toxic Radiance
 16233 | Lair:3   | Reached skill level 13 in Unarmed Combat
 16852 | Lair:4   | Noticed a death yak
 16868 | Lair:4   | Killed a death yak
 16981 | Lair:4   | Noticed a death yak
 16981 | Lair:4   | Noticed a death yak
 16981 | Lair:4   | Noticed a death yak
 16981 | Lair:4   | Noticed a death yak
 17004 | Lair:4   | Killed a death yak
 17009 | Lair:4   | Killed a death yak
 17034 | Lair:4   | Killed a death yak
 17038 | Lair:4   | Noticed a death yak
 17049 | Lair:4   | Killed a death yak
 17050 | Lair:4   | Gained mutation: Your demonic aura often causes spilled
                  | blood to erupt in flames. [demonic ancestry]
 17050 | Lair:4   | Reached XP level 13. HP: 24/107 MP: 9/22
 17427 | Lair:4   | Found the +3 warlock's mirror {reflect}
 17671 | Lair:4   | Found a staircase to the Slime Pits.
 18120 | Lair:4   | Found a burning altar of Makhleb.
 18131 | Lair:4   | Reached skill level 14 in Unarmed Combat
 18267 | Lair:5   | Entered Level 5 of the Lair of Beasts
 18286 | Lair:5   | Reached skill level 1 in Shields
 19975 | Lair:5   | Reached skill level 15 in Unarmed Combat
 20552 | Lair:5   | Gained mutation: You have a moderately thin skeletal
                  | structure. (Dex +4, Stealth++) [demonic ancestry]
 20552 | Lair:5   | Reached XP level 14. HP: 109/115 MP: 23/23
 20685 | Lair:5   | Identified the +3 leather armour of Theory {rPois Str+3}
 20771 | Lair:5   | Identified a scroll of acquirement
 20772 | Lair:5   | Acquired a ring of protection from cold
 20803 | Lair:5   | Reached skill level 5 in Shields
 21952 | D:11     | Reached skill level 1 in Spellcasting
 21965 | D:11     | Gained mutation: You occasionally shout uncontrollably at
                  | your foes. [Ru sacrifice]
 22765 | D:11     | Found the +7 Singing Sword {vorpal, sonic wave}
 23066 | D:12     | Noticed Fannar
 23075 | D:12     | Killed Fannar
 23328 | D:12     | Reached skill level 1 in Transmutations
 23704 | D:12     | Found a huge runed translucent gate.
 23704 | D:12     | Found a huge runed translucent gate.
 23704 | D:12     | Found a huge runed translucent gate.
 23704 | D:12     | Found a huge runed translucent gate.
 24807 | D:13     | Gained mutation: Your magical capacity is low. (-10% MP)
                  | [Ru sacrifice]
 24820 | D:13     | Reached skill level 16 in Unarmed Combat
 25057 | D:13     | Found a gate to the Vaults.
 25828 | D:14     | Gained mutation: You have claws for hands. [demonic
                  | ancestry]
 25828 | D:14     | Reached XP level 15. HP: 110/120 MP: 19/21
 25838 | D:14     | Reached skill level 5 in Transmutations
 26159 | D:15     | Entered Level 15 of the Dungeon
 26171 | D:15     | Found a gate leading to a gauntlet.
 26180 | Gauntlet | Entered a Gauntlet
 26180 | Gauntlet | Found a transporter.
 26180 | Gauntlet | Found a transporter.
 26190 | Gauntlet | Found a transporter.
 26193 | Gauntlet | Found a transporter.
 26202 | Gauntlet | Found a transporter.
 26204 | Gauntlet | Found a transporter.
 26212 | Gauntlet | Found a transporter.
 26226 | Gauntlet | Found a large runed translucent door.
 26227 | Gauntlet | Found a large runed translucent door.
 26228 | Gauntlet | Found a large runed translucent door.
 26228 | Gauntlet | Found a large runed translucent door.
 26229 | Gauntlet | Found a runed translucent gate.
 26230 | Gauntlet | Found a transporter.
 26230 | Gauntlet | Found a runed translucent gate.
 26231 | Gauntlet | Found a large runed translucent door.
 26231 | Gauntlet | Found a large runed translucent door.
 26231 | Gauntlet | Found a runed translucent door.
 26232 | Gauntlet | Found a large runed translucent door.
 26233 | Gauntlet | Found a large runed translucent door.
 26235 | Gauntlet | Found a transporter.
 26238 | Gauntlet | Found a transporter.
 26248 | Gauntlet | Found a transporter.
 26251 | Gauntlet | Found a runed translucent door.
 26255 | Gauntlet | Found a runed translucent gate.
 26266 | Gauntlet | Found a large runed translucent door.
 26266 | Gauntlet | Found a large runed translucent door.
 26267 | Gauntlet | Found a large runed translucent door.
 26268 | Gauntlet | Found a large runed translucent door.
 26277 | Gauntlet | Found a large runed translucent door.
 26277 | Gauntlet | Found a large runed translucent door.
 26278 | Gauntlet | Found a large runed translucent door.
 26279 | Gauntlet | Found a large runed translucent door.
 26297 | Gauntlet | Found a transporter.
 26395 | Gauntlet | Paralysed by a floating eye for 4 turns
 26848 | Gauntlet | Identified the +1 hat "Moreumn" {Fly rF++ Will+ Stlth-}
 26989 | Gauntlet | Identified the +1 broad axe of the Hero {drain, Fragile rF+
                  | Dex+4}
 27023 | D:15     | Reached skill level 1 in Fire Magic
 27843 | D:15     | Found a staircase to the Depths.
 29265 | Orc:1    | Entered Level 1 of the Orcish Mines
 29436 | Orc:1    | Gained mutation: You are missing an eye, making it more
                  | difficult to aim. [Ru sacrifice]
 29436 | Orc:1    | Reached ****** piety under Ru
 29438 | Orc:2    | Entered Level 2 of the Orcish Mines
 29438 | Orc:2    | Noticed Nessos
 29451 | Orc:2    | Killed Nessos
 29478 | Orc:2    | Noticed an orc warlord
 29748 | Orc:2    | Killed an orc warlord
 29759 | Orc:2    | Found a staircase to the Elven Halls.
 29901 | Orc:2    | Found Taudafips's Distillery.
 30186 | Orc:2    | Bought a potion of heal wounds for 80 gold pieces
 30186 | Orc:2    | Bought a potion of haste for 160 gold pieces
 30186 | Orc:2    | Bought a potion of ambrosia for 128 gold pieces
 30186 | Orc:2    | Bought a potion of ambrosia for 128 gold pieces
 30779 | Orc:2    | Found Arycibep's Jewellery Boutique.
 31267 | Orc:2    | Reached skill level 5 in Fire Magic
 31591 | Orc:2    | Found Tuvec's Magic Scroll Emporium.
 31591 | Orc:2    | Found Syity's Assorted Antiques.
 31592 | Orc:2    | Found Emmia's Magic Scroll Shoppe.
 31592 | Orc:2    | Found Fieruzai's Antique Armour Emporium.
 31746 | Orc:2    | Bought a potion of curing for 48 gold pieces
 31746 | Orc:2    | Bought a potion of curing for 48 gold pieces
 31802 | Orc:2    | Bought a scroll of enchant armour for 90 gold pieces
 31802 | Orc:2    | Bought a scroll of teleportation for 36 gold pieces
 31802 | Orc:2    | Bought a scroll of summoning for 114 gold pieces
 31802 | Orc:2    | Bought a scroll of fear for 48 gold pieces
 31802 | Orc:2    | Bought a scroll of teleportation for 36 gold pieces
 31802 | Orc:2    | Bought a scroll of fog for 48 gold pieces
 31850 | Orc:2    | Bought the amulet "Byfanor" {Reflect MP+9 SH+5} for 838
                  | gold pieces
 31850 | Orc:2    | Bought the ring "Moniset" {Wiz Contam rC- Will+++ SInv} for
                  | 849 gold pieces
 32285 | Elf:1    | Entered Level 1 of the Elven Halls
 32304 | Elf:1    | Found a radiant altar of Vehumet.
 32308 | Elf:1    | Reached skill level 1 in Poison Magic
 32688 | Elf:1    | Noticed a Tzitzimitl
 32718 | Elf:1    | Gained mutation: Your demonic aura causes all spilled blood
                  | to erupt in flames. [demonic ancestry]
 32718 | Elf:1    | Reached XP level 16. HP: 64/129 MP: 22/22
 32938 | Elf:1    | Got Xethiwn's Discourse on the Retinue
 33198 | Elf:1    | Identified the +4 helmet of Faptux {Dex+4}
 33474 | Elf:1    | You are sucked into a shaft and drop 1 floor!
 33474 | Elf:2    | Found a huge runed translucent gate.
 33474 | Elf:2    | Found a huge runed translucent gate.
 33474 | Elf:2    | Found a huge runed translucent gate.
 33474 | Elf:2    | Found a huge runed translucent gate.
 33475 | Elf:2    | Found a huge runed translucent gate.
 33609 | Elf:2    | Reached skill level 5 in Poison Magic
 33644 | Elf:2    | Noticed Donald
 33668 | Elf:2    | Killed Donald
 34027 | Elf:2    | Killed from afar by a deep elf zephyrmancer

Illustrated notes

Levels and vault maps discovered:
D:1:      dpeg_arrival_arbitrary_a, layout_rooms, basic_ecumenical_altar
D:2:      layout_loops_cross, minmay_distorted
D:3:      layout_basic, serial_shops, nicolae_shop_bloodbath_and_beyond,
          reono_crystal_passage
D:4:      layout_basic, amcnicky_altar_gilded
D:5:      cheibrodos_iron_armory, layout_loops_ring,
          gammafunk_temple_overflow_claw, minmay_misc_feat_secret_circle,
          uniq_ijyb, uniq_crazy_yiuf_cottage
D:6:      layout_basic, temple_green, st_stairs_11, uniq_blork_the_orc,
          uniq_eustachio, uniq_duvessa
D:7:      layout_loops_ring, kennysheep_potato
D:8:      layout_basic, minmay_lair_entry_grove, gup_ossuary_entry_pyramid
D:9:      layout_basic
D:10:     layout_roguey, hiddenorc1_lemuel, dk_rats_in_the_wall, uniq_grum
D:11:     old_forge, layout_cave_pools, solitary_fountain, onia_ninara_cookie
D:12:     lemuel_bear_cage, layout_stronghold, uniq_fannar
D:13:     layout_irregular_city, david_vaults_5
D:14:     layout_basic, minmay_misc_feat_more_columns
D:15:     grunt_enter_depths_hoard, layout_irregular_city, serial_bayou_pond_b,
          gauntlet_entry_generic, minmay_starry_boxes
Temple:   dpeg_five_rooms_temple
Lair:1:   beast_lair_carwin_large_3, layout_chaotic_city,
          cheibrodos_lair_reptile_den, lemuel_fruit_tree, lemuel_fruit_fields,
          infiniplex_staircase_pool
Lair:2:   layout_regular_city, spider_nest_entry_funnel_web,
          portal_ice_cave_entry_pillars_2, grunt_forest_stairs_basic,
          serial_bayou_pond_c, minivault_19, nicolae_lair_lil_pond
Lair:3:   layout_roguey, elwin_shoals_entry_rocks,
          nicolae_quartered_pool_medium, serial_bayou_shore_a,
          grunt_megastairs_2
Lair:4:   layout_loops_ring, slime_entry_1, lemuel_centaur_altar
Lair:5:   minmay_lair_end_frog_pond, layout_layer_cave
Orc:1:    layout_caves
Orc:2:    st_orc_pillars, layout_caves, serial_shops, shop, shop, basic_altar,
          uniq_nessos
Elf:1:    eino_elf_arrival_altar, layout_onion_city, minmay_elf_demonology
Elf:2:    elven_hall_of_blades_hangedman_alternative
          [nicolae_blade_entry_area_security], layout_loops_cross, serial_shops,
          nicolae_shop_waterfront, uniq_louise, uniq_donald

Skill      XL: |  1  2  3  4  5  6  7  8  9 10 11 12 13 14 15 16 |
---------------+-------------------------------------------------+-----
Polearms       | 3 |  3.0
Unarmed Combat | 1 2 3 4 5 6 8 11 12 13 15 16 | 16.0
Fighting       | 3 4 5 7 8 10 11 12 | 12.5
Armour         | 2 5 7 9 |  9.0
Invocations    | 5 9 12 13 | 13.4
Dodging        | 5 6 9 |  9.0
Shields        | 4 5 7 |  7.0
Spellcasting   | 3 |  3.0
Transmutations | 4 5 |  5.0
Fire Magic     | 5 |  5.0
Poison Magic   | 3 6 |  6.7
Throwing       | |  1.7

Action                   |  1- 3 |  4- 6 |  7- 9 | 10-12 | 13-15 | 16-18 || total
-------------------------+-------+-------+-------+-------+-------+-------++-------
Melee: Trident           |   144 |    94 |       |    13 |    13 |       ||   264
       Punch             |     2 |     3 |    13 |    57 |     1 |       ||    76
       Unarmed           |       |    69 |   310 |   631 |  1166 |    99 ||  2275
       Broad axe         |       |       |       |       |    22 |       ||    22
 Fire: Sling             |       |       |     8 |     4 |    28 |       ||    40
Throw: Throwing net      |       |     2 |     4 |     1 |       |       ||     7
       Dart              |       |       |       |     2 |    21 |       ||    23
       Javelin           |       |       |       |       |    12 |       ||    12
       Boomerang         |       |       |       |       |     6 |       ||     6
Invok: Sacrifice Resista |       |       |       |     1 |       |       ||     1
       Sacrifice Artific |       |       |       |     1 |       |       ||     1
       Reject Sacrifices |       |       |       |     1 |       |       ||     1
       Power Leap        |       |       |       |       |     5 |     1 ||     6
       Apocalypse        |       |       |       |       |     2 |       ||     2
       Draw Out Power    |       |       |       |       |     1 |       ||     1
       Sacrifice Purity  |       |       |       |       |     1 |       ||     1
       Sacrifice Essence |       |       |       |       |     1 |       ||     1
       Sacrifice an Eye  |       |       |       |       |     1 |       ||     1
Evoke: Wand              |       |       |       |     1 |       |       ||     1
  Use: Scroll            |       |       |     4 |    16 |    13 |     2 ||    35
       Potion            |       |       |    10 |     1 |     6 |     4 ||    21
 Stab: Sleeping          |     1 |       |     1 |       |       |       ||     2
       Held in net/web   |       |     1 |       |       |       |       ||     1
       Distracted        |       |       |     1 |     2 |     7 |     1 ||    11
       Invisible         |       |       |       |     5 |    17 |     6 ||    28
       Petrified         |       |       |       |       |     3 |       ||     3
       Paralysed         |       |       |       |       |     5 |       ||     5
Armor: Leather armour    |    20 |       |       |       |       |       ||    20
       Ring mail         |     8 |    46 |    80 |    79 |       |       ||   213
       Chain mail        |       |       |       |   126 |   335 |       ||   461
       Ice dragon scales |       |       |       |       |     9 |    18 ||    27
Dodge: Dodged            |    68 |    89 |   176 |   281 |   528 |    27 ||  1169
Block: Buckler           |       |       |       |       |   407 |    46 ||   453
       Reflection        |       |       |       |       |    39 |     9 ||    48

Table legend: (Time is in decaauts)
 A = Elapsed time spent in this place.
 B = Non-inter-level travel time spent in this place.
 C = Inter-level travel time spent in this place.
 D = Time resting spent in this place.
 E = Time spent auto-exploring this place.
 F = Levels seen in this place.
 G = Mean time per level.
                   A        B        C        D        E       F      G
               +--------+--------+--------+--------+--------+-----+--------+
         Total |  33650 |  31635 |   2015 |  11965 |  13191 |  27 | 1246.3 |
       Dungeon |  18806 |  17502 |   1304 |   6067 |   8052 |  15 | 1253.7 |
        Temple |    279 |    212 |     67 |      0 |    201 |   1 |  279.0 |
          Lair |   9370 |   8960 |    410 |   3622 |   3647 |   5 | 1874.0 |
  Orcish Mines |   2556 |   2324 |    232 |   1038 |    531 |   2 | 1278.0 |
   Elven Halls |   1700 |   1700 |      0 |    781 |    582 |   2 |  850.0 |
       Ossuary |    144 |    144 |      0 |     24 |     55 |   1 |  144.0 |
      Gauntlet |    791 |    791 |      0 |    431 |    123 |   1 |  791.0 |
               +--------+--------+--------+--------+--------+-----+--------+

Top non-repeatable levels by time:
  Lair:5: 2882 daAuts
   Orc:2: 1809 daAuts
  Lair:4: 1744 daAuts
     D:8: 1685 daAuts
  Lair:3: 1680 daAuts
  Lair:1: 1597 daAuts
     D:5: 1593 daAuts
    D:10: 1511 daAuts
    D:15: 1484 daAuts
  Lair:2: 1466 daAuts
     D:6: 1367 daAuts
    D:11: 1363 daAuts
     D:9: 1339 daAuts
    D:13: 1290 daAuts
   Elf:1: 1167 daAuts
